 Dungeon Crawl Stone Soup version 0.32-a0-12-g7fc57aa741 (webtiles) character file.

Game seed: 10958402350874946178

1423 croobank the Scholar of Death (level 8, -3/42 HPs)
             Began as a Felid Shapeshifter on Jan 14, 2024.
             Was a Follower of Kikubaaqudgha.
             Succumbed to a gnoll sergeant's poison
             ... on level 7 of the Dungeon.
             The game lasted 00:31:58 (7394 turns).

croobank the Scholar of Death (Felid Shapeshifter)  Turns: 7394, Time: 00:31:59

Health: -3/42      AC:  2    Str: 12    XL:     8   Next: 44%
Magic:  8/12       EV: 19    Int: 14    God:    Kikubaaqudgha [*.....]
Gold:   331        SH:  0    Dex: 16    Spells: 7/11 levels left
                                        Lives:  0   Deaths: 3

rFire   . .          .
                       - Unarmed
rCold   . . .        (shield unavailable)
rNeg    . . .        (body armour unavailable)
rPois   +            (helmet unavailable)
rElec   .            (cloak unavailable)
rCorr   .            (gloves unavailable)
SInv    +            (boots unavailable)
Will    ++...        (no amulet)
Stlth   +            h - ring of willpower
HPRegen 0.27/turn    (no ring)
MPRegen 0.13/turn

%: no passive effects
@: lethally poisoned (-3 -> -26), beast-form, animating dead (expiring)
A: beast (slay +2), very small, claws 1, fangs 3, see invisible, shaggy fur 2,
stealthy paws, no weapons or thrown items, no armour, multi-lived, horns 1,
poison resistance
a: Begin Untransformation, Renounce Religion, Unearth Wretches


You were on level 7 of the Dungeon.
You worshipped Kikubaaqudgha.
Kikubaaqudgha was aware of your devotion.
You were a hulking beast.
You visited 1 branch of the dungeon, and saw 8 of its levels.

You collected 331 gold pieces.

Inventory:

Jewellery
 h - a ring of willpower (left paw)
Talismans
 b - a beast talisman
 c - a flux talisman
Potions
 a - a potion of cancellation
 i - a potion of attraction
 j - a potion of magic
 k - a potion of mutation


   Skills:
 - Level 3.7 Fighting
 - Level 5.4 Dodging
 - Level 4.6 Unarmed Combat
 - Level 2.4 Spellcasting
 + Level 5.8 Necromancy
 - Level 4.7 Shapeshifting


You had 7 spell levels left.
You knew the following spells:

 Your Spells              Type           Power      Damage    Failure   Level
A - Animate Dead          Necr           18%        N/A       21%         4

Your spell library contained the following spells:

 Spells                   Type           Power      Damage    Failure   Level
 Necrotise                Necr           72%        1d7       1%          1
 Sublimation of Blood     Necr           18%        N/A       3%          2
 Cigotuvi's Dreadful Rot  Necr/Alch/Air  14%        N/A       16%         2
 Lesser Beckoning         Tloc           2%         N/A       34%         2
 Gell's Gravitas          Tloc           1%         N/A       56%         3
 Teleport Other           Tloc           1%         N/A       56%         3
 Tukima's Dance           Hex            1%         N/A       56%         3
 Volatile Blastmotes      Fire/Tloc      2%         2d10      56%         3
 Fulminant Prism          Conj/Alch      0%         3d5       92%         4
 Iskenderun's Mystic Bla  Conj/Tloc      1%         2d3       92%         4
 Dimensional Bullseye     Hex/Tloc       Unusable   N/A       N/A         4

Dungeon Overview and Level Annotations

Branches:
Dungeon (8/15)             Temple (0/1) D:6
   Lair: D:8-11

Altars:
Elyvilon
Kikubaaqudgha
Okawaru
Uskayaw
Vehumet
The Shining One

Shops:
D:3 :   D:5 :   D:7 ([


Innate Abilities, Weirdness & Mutations

You are a hulking beast.
Your limbs bulge with bestial killing power. (Slay +2)
You have sharp claws.
You have razor-sharp teeth.
You have supernaturally acute eyesight. (SInv)
You are covered in thick fur. (AC +2)
Your paws help you pounce on unaware monsters.
You are incapable of wielding weapons or throwing items.
You cannot wear armour.
You gain extra lives every three experience levels.
You have a pair of small horns on your head.
Your system is resistant to poisons. (rPois)


Message History

The gnoll dies!
Kikubaaqudgha accepts your kill.
The dead are walking!
The gnoll sergeant attacks as it pursues you!
The gnoll sergeant hits you from afar with a +1 spear of venom!
You are poisoned.
You feel very sick. The bullfrog misses you.
Your black bear zombie bites the gnoll.
Your black bear zombie claws the gnoll but does no damage.
Your black bear zombie misses the gnoll.
The bullfrog misses you. The gnoll completely misses you.
The gnoll sergeant closely misses you.
You scratch the bullfrog.
The bullfrog is moderately wounded.
You feel very sick. The bullfrog misses you.
Your black bear zombie bites the gnoll.
Your black bear zombie misses the gnoll.
Your black bear zombie claws the gnoll.
The gnoll sergeant hits you from afar with a +1 spear of venom.
You are more poisoned.
You scratch the bullfrog.
The bullfrog is moderately wounded.
Your reaping aura is weakening.
You feel very sick. The bullfrog misses you.
The gnoll barely misses your black bear zombie.
The gnoll sergeant hits you from afar with a +1 spear of venom!
* * * LOW HITPOINT WARNING * * *
You are more poisoned.
The bullfrog misses you.
You barely miss the gnoll.
The gnoll is heavily wounded.
* * * LOW HITPOINT WARNING * * *
You feel very sick. The bullfrog completely misses you.
The gnoll completely misses you. The gnoll sergeant misses you.
You feel extremely strange.
You feel resistant to poisons. A pair of horns grows on your head!
You die...
Kikubaaqudgha rasps: "You have failed me!
Welcome... death!"

# #.# ##### #####.##
##.c ..[...##########
##.# #.#.#............#
##.###.#.#.#.##.......#
....#...>.....#.)Z....#
.......#...#.....Zg...#
....##.......##.gF....#
#..........####.h.....#
#.#######.............#
).# ############### ..#
..# ..# .## .#####
.....#


You could see a gnoll sergeant (ally target), a bullfrog, a gnoll, a friendly
black bear zombie and a friendly gnoll zombie.

Vanquished Creatures
  Grinder (D:5)
  Eustachio (D:5)
  A black bear (D:5)
  2 phantoms (D:5)
  2 scorpions
  2 bullfrogs (D:7)
  A wight (D:6)
  5 hounds
  2 orc priests
  A jelly (D:6)
  A gnoll bouda (D:5)
  2 iguanas
  4 orc wizards
  6 gnolls
  7 adders
  A shadow imp (D:6)
  2 dart slugs
  2 ribbon worms
  16 orcs
  2 endoplasms (D:3)
  A giant cockroach (D:1)
  8 goblins
  6 hobgoblins
  3 quokkas
  2 ball pythons (D:3)
  10 bats
  5 frilled lizards
  9 kobolds
  2 rats
107 creatures vanquished.

Vanquished Creatures (collateral kills)
  A gnoll (D:7)
1 creature vanquished.

Vanquished Creatures (others)
  A black bear (D:7)
  A scorpion zombie (D:6)
  A bat zombie (D:7)
  A kobold (D:7)
  4 orc zombies
8 creatures vanquished.

Grand Total: 116 creatures vanquished

Notes
Turn   | Place    | Note
-------+----------+-------------------------------------------
     0 | D:1      | croobank the Felid Shapeshifter began the quest for the
                  | Orb.
     0 | D:1      | Reached XP level 1. HP: 10/10 MP: 2/2
   338 | D:1      | Reached XP level 2. HP: 14/14 MP: 3/3
   830 | D:2      | Reached XP level 3. HP: 2/18 MP: 4/4
  1539 | D:3      | Found an ancient bone altar of Kikubaaqudgha.
  1553 | D:3      | Became a worshipper of Kikubaaqudgha
  1556 | D:3      | Found an iron altar of Okawaru.
  1576 | D:3      | Reached XP level 4. HP: 20/23 MP: 5/5
  1576 | D:3      | Gained a life (2 lives remaining)
  1642 | D:3      | Found Kisucos's Book Shoppe.
  1802 | D:3      | Found a radiant altar of Vehumet.
  1802 | D:3      | Found a faded altar of an unknown god.
  1810 | D:3      | Found a faded altar of an unknown god.
  1812 | D:3      | Found a hide-covered altar of Uskayaw.
  1814 | D:3      | Found a glowing golden altar of the Shining One.
  2979 | D:4      | Reached XP level 5. HP: 9/27 MP: 6/6
  3367 | D:5      | Entered Level 5 of the Dungeon
  3633 | D:5      | Reached skill level 1 in Necromancy
  3639 | D:5      | Noticed a black bear
  3644 | D:5      | Killed a black bear
  3645 | D:5      | Reached skill level 1 in Spellcasting
  3645 | D:5      | Gained mutation: You are covered in thick fur. (AC +2)
                  | [Felid growth]
  3645 | D:5      | Reached XP level 6. HP: 23/32 MP: 8/8
  3668 | D:5      | Found Umiry's Tremendous Tomes.
  3690 | D:5      | Noticed Grinder
  3720 | D:5      | Noticed Eustachio
  3750 | D:5      | Paralysed by Grinder for 5 turns
  4257 | D:7      | Reached * piety under Kikubaaqudgha
  4257 | D:7      | Received a gift from Kikubaaqudgha
  4263 | D:7      | Learned a level 4 spell: Animate Dead
  4405 | D:6      | Found a staircase to the Ecumenical Temple.
  4514 | D:5      | You fall into a shaft and drop 1 floor!
  4780 | D:5      | Reached XP level 7. HP: 21/35 MP: 5/10
  4795 | D:5      | Reached skill level 5 in Dodging
  5402 | D:6      | Found a white marble altar of Elyvilon.
  5617 | D:7      | Slain by a wight
  5617 | D:7      | Lost a life (1 life remaining)
  5633 | D:7      | Found Maeppa's Antique Weapon Emporium.
  5819 | D:7      | Shot with an arrow by a centaur
  5819 | D:7      | Lost a life (0 lives remaining)
  5864 | D:7      | Found Amyushre's Antique Armour Shop.
  5984 | D:7      | Noticed a yak
  5984 | D:7      | Noticed a yak
  5984 | D:7      | Noticed a yak
  6103 | D:5      | Killed Eustachio
  6104 | D:5      | Reached XP level 8. HP: 34/42 MP: 12/12
  6104 | D:5      | Gained a life (1 life remaining)
  6563 | D:5      | Killed Grinder
  6564 | D:5      | Reached skill level 5 in Necromancy
  6803 | D:6      | HP: 1/42 [poisoned by a gnoll sergeant]
  6804 | D:6      | Succumbed to a gnoll sergeant's poison
  6804 | D:6      | Lost a life (0 lives remaining)
  7393 | D:7      | HP: 2/42 [poisoned by a gnoll sergeant]
  7394 | D:7      | Gained mutation: Your system is resistant to poisons.
                  | (rPois) [potion of mutation]
  7394 | D:7      | Gained mutation: You have a pair of small horns on your
                  | head. [potion of mutation]
  7394 | D:7      | Succumbed to a gnoll sergeant's poison

Illustrated notes

Levels and vault maps discovered:
D:1:      dpeg_arrival_stonehenge_8_columns, layout_basic
D:2:      layout_loops_ring
D:3:      layout_loops_ring, mainiacjoe_overflow_large_starburst,
          chequers_temple_overflow_minitemple, serial_shops, shop,
          roderic_batcave
D:4:      layout_basic
D:5:      layout_basic, portal_sewer_entry_d, nicolae_shop_i_like_big_books,
          grunt_ministairs_7, kennysheep_donut, uniq_grinder, uniq_eustachio
D:6:      layout_rooms, mainiacjoe_overflow_catwalk,
          minmay_temple_entry_mini_moons
D:7:      layout_loops_cross, marbit_many_paths, serial_shops,
          nicolae_square_shop, kennysheep_little_box, nicolae_shop_statue_plus,
          shop, nicolae_shop_back_alley_shop, uniq_prince_ribbit1
D:8:      layout_gridville, dpeg_oklobed_lair, serial_shops,
          nicolae_shop_waterfront

Skill      XL: |  1  2  3  4  5  6  7  8 |
---------------+-------------------------+-----
Dodging        | 3 4 5 |  5.4
Shapeshifting  | 3 4 |  4.7
Fighting       | 2 3 |  3.7
Necromancy     | 1 3 5 |  5.8
Unarmed Combat | 4 |  4.6
Spellcasting   | 1 2 |  2.4

Action                     |  1- 3 |  4- 6 |  7- 9 || total
---------------------------+-------+-------+-------++-------
  Melee: Unarmed           |    83 |   126 |   151 ||   360
         Bite              |    10 |    15 |    20 ||    45
         Punch             |       |     1 |     6 ||     7
   Cast: Animate Dead      |       |     1 |     4 ||     5
 Invoke: Unearth Wretches  |       |       |     3 ||     3
  Evoke: Wand              |       |     5 |     2 ||     7
    Use: Potion            |     4 |     2 |     9 ||    15
         Scroll            |       |    12 |     8 ||    20
   Stab: Sleeping          |       |     2 |       ||     2
         Paralysed         |       |       |     3 ||     3
 Armour: Skin              |    26 |    42 |    63 ||   131
  Dodge: Dodged            |    51 |    99 |   137 ||   287

Table legend: (Time is in decaauts)
 A = Elapsed time spent in this place.
 B = Non-inter-level travel time spent in this place.
 C = Inter-level travel time spent in this place.
 D = Time resting spent in this place.
 E = Time spent auto-exploring this place.
 F = Levels seen in this place.
 G = Mean time per level.
                   A        B        C        D        E       F      G
               +--------+--------+--------+--------+--------+-----+--------+
         Total |   7320 |   6953 |    367 |   2132 |   3287 |   8 |  915.0 |
       Dungeon |   7320 |   6953 |    367 |   2132 |   3287 |   8 |  915.0 |
               +--------+--------+--------+--------+--------+-----+--------+

Top non-repeatable levels by time:
     D:6: 1502 daAuts
     D:5: 1422 daAuts
     D:4: 1321 daAuts
     D:3: 830 daAuts
     D:7: 789 daAuts
     D:2: 728 daAuts
     D:1: 712 daAuts
     D:8: 12 daAuts
